 Dungeon Crawl Stone Soup version 0.26-a0-753-g4680b4fa2e (webtiles) character file.

Game seed: 12452304697820944743

403 2tc the Digger (level 6, 25/49 HPs)
             Began as a Deep Dwarf Earth Elementalist on Nov 7, 2020.
             Quit the game in the Ecumenical Temple.
             The game lasted 00:21:12 (3238 turns).

2tc the Digger (Deep Dwarf Earth Elementalist)      Turns: 3238, Time: 00:21:13

Health: 25/49      AC:  4    Str: 13    XL:     6   Next: 55%
Magic:  8/8        EV: 12    Int: 16    God:
Gold:   249        SH:  0    Dex: 13    Spells: 5/9 levels left

rFire    . . .     SeeInvis .   f - +0 dagger
rCold    . . .     Faith    .   (no shield)
rNeg     . . .     Spirit   .   c - +0 robe
rPois    .         Reflect  .   u - +0 helmet
rElec    .         Harm     .   g - +0 cloak
rCorr    .         Rampage  .   (no gloves)
MR       .....                  (no boots)
Stlth    ++........             e - amulet of magic regeneration
HPRegen  0.00/turn              j - +4 ring of slaying
MPRegen  0.36/turn              m - ring of wizardry

@: non-regenerating
A: damage resistance, heal wounds, sense surroundings 1, no regeneration
a: Heal Wounds


You were in the Ecumenical Temple.
You visited 2 branches of the dungeon, and saw 5 of its levels.
You also visited: Sewer.

You collected 249 gold pieces.

Inventory:

Hand Weapons
 d - a +0 club
 f - a +0 dagger (weapon)
 h - a +1 hand axe
Armour
 c - a +0 robe (worn)
 g - a +0 cloak (worn)
 q - a scarf of harm
 u - a +0 helmet (worn)
Jewellery
 e - an amulet of magic regeneration (around neck)
 j - a +4 ring of slaying (left hand)
 m - a ring of wizardry (right hand)
 s - an uncursed ring of protection from fire {unknown}
Wands
 k - a wand of acid (9)
 l - a wand of polymorph (8)
 o - a wand of flame (20)
Scrolls
 a - 4 scrolls of remove curse
 i - 2 scrolls of identify
 n - 4 scrolls of teleportation
 r - a scroll of magic mapping
Potions
 p - 2 potions of curing
 t - a potion of lignification


   Skills:
 - Level 2.1 Dodging
 - Level 2.4 Stealth
 + Level 2.4 Spellcasting
 - Level 4.1 Conjurations
   Level 0.8 Transmutations
 - Level 7.0 Earth Magic


You had 5 spell levels left.
You knew the following spells:

 Your Spells              Type           Power        Failure   Level
a - Sandblast             Erth           ###...       1%          1
b - Stone Arrow           Conj/Erth      ###...       2%          3

Your spell library contained the following spells:

 Spells                   Type           Power        Failure   Level
 Passwall                 Tmut/Erth      ##......     2%          2
 Lee's Rapid Deconstruct  Erth           ###.......   12%         5
 Petrify                  Tmut/Erth      ##......     16%         4


Dungeon Overview and Level Annotations

Branches:
Dungeon (4/15)             Temple (1/1) D:4           Sewer (visited)

Altars:
Ashenzari
Cheibriados
Dithmenos
Fedhas
Gozag
Hepliaklqana
Makhleb
Nemelex Xobeh
Okawaru
Ru
Wu Jian
Xom
Yredelemnul

Shops:
D:4 (

Annotations:
D:4 Purgy


Innate Abilities, Weirdness & Mutations

You are resistant to damage.
You can heal yourself by infusing magical energy.
You passively map a small area around you.
You do not regenerate.


Message History

There is a staircase to the Ecumenical Temple here.
You climb downwards.
Welcome to the Ecumenical Temple!
Found a hazy altar of Hepliaklqana.
There is a staircase back to the Dungeon here.
Found a basalt altar of Yredelemnul and an opulent altar of Gozag.
Found a sparkling altar of Nemelex Xobeh.
Found a shimmering altar of Xom and a blossoming altar of Fedhas.
There is a sparkling altar of Nemelex Xobeh here.
Found a shadowy altar of Dithmenos.
There is a fountain of clear blue water here.
There is a shadowy altar of Dithmenos here.
Found a snail-covered altar of Cheibriados.
There is a snail-covered altar of Cheibriados here.
Found a broken altar of Ashenzari.
Found a burning altar of Makhleb.
There is a fountain of clear blue water here.
There is a burning altar of Makhleb here.
Done exploring.
Done exploring.
Are you sure you want to abandon this character and quit the game? (Confirm with "yes".)

##### #...# #.<.#
#####...##### #...##.##...#
#._......._.#
#####...#...#...#####
#...##@##._.##.##...#
#####._.....#...#....._.###
#...#...#.⌠.#####.⌠.#...#..
#._....##...........##...._
#...#...#####._.#####...#..
#####.⌠....##...##....⌠.###
#...#...#####...#...#
#####._......._.#####
#...#...#...#


There were no monsters in sight!

Vanquished Creatures
  A bullfrog (Sewer)
  An orc priest (D:4)
  2 orc wizards
  8 adders
  A river rat (D:3)
  9 oozes
  2 worms
  4 dart slugs
  12 leopard geckos
  3 orcs
  16 giant cockroaches
  5 goblins
  3 hobgoblins
  8 kobolds
  A quokka (D:2)
  8 ball pythons
  13 bats
  12 frilled lizards
  6 rats
115 creatures vanquished.

Notes
Turn   | Place    | Note
-------+----------+-------------------------------------------
     0 | D:1      | 2tc the Deep Dwarf Earth Elementalist began the quest for
                  | the Orb.
     0 | D:1      | Reached XP level 1. HP: 15/15 MP: 3/3
   231 | D:1      | Reached XP level 2. HP: 20/22 MP: 0/4
   488 | D:1      | Reached skill level 5 in Earth Magic
   722 | D:1      | Reached XP level 3. HP: 26/28 MP: 5/5
   973 | D:2      | Found a sacrificial altar of Ru.
   984 | D:2      | Reached skill level 6 in Earth Magic
   988 | D:2      | Reached XP level 4. HP: 32/36 MP: 3/6
   996 | D:2      | Learned a level 3 spell: Stone Arrow
  1125 | D:2      | Found an iron altar of Okawaru.
  1683 | D:3      | Reached skill level 7 in Earth Magic
  1694 | D:3      | Reached skill level 1 in Conjurations
  1972 | D:3      | Found a glowing drain.
  1994 | Sewer    | Entered a sewer
  2032 | Sewer    | Reached XP level 5. HP: 19/42 MP: 7/7
  2440 | Sewer    | Reached XP level 6. HP: 28/49 MP: 3/7
  2589 | D:3      | Found an ornate altar of the Wu Jian Council.
  3114 | D:4      | Found Upez's Weapon Shop.
  3175 | D:4      | Noticed Purgy
  3184 | D:4      | Found a staircase to the Ecumenical Temple.
  3195 | Temple   | Entered the Ecumenical Temple
  3238 | Temple   | Quit the game

Illustrated notes

Levels and vault maps discovered:
D:1:      psy_arrival_spokes, layout_basic
D:2:      layout_loops_ring, okawaru_ov_weapons_minmay,
          nicolae_ru_great_annihilating_truth
D:3:      layout_basic, lemuel_crystal_altar, portal_sewer_entry_b
D:4:      layout_cave_pods, minmay_temple_entry_mini_moons, serial_column_ruins,
          column_ruins_open_small, column_ruins_open_tiny,
          column_ruins_corridor_plus, column_ruins_open_tiny_water,
          column_ruins_grid_1, column_ruins_open_tiny, column_ruins_grid_1,
          serial_shops, nicolae_shop_statue_plus, uniq_purgy
Temple:   eino_wide_crystal_templ

Skill      XL: |  1  2  3  4  5  6 |
---------------+-------------------+-----
Earth Magic    | 5 6 7 |  7.0
Conjurations   | 1 3 4 |  4.1
Spellcasting   | 2 |  2.4
Dodging        | |  2.1
Stealth        | |  2.4
Transmutations | |  0.8

Action                   |  1- 3 |  4- 6 || total
-------------------------+-------+-------++-------
Melee: Club              |    15 |       ||    15
       Dagger            |    44 |   257 ||   301
 Cast: Sandblast         |    26 |    29 ||    55
       Stone Arrow       |       |     2 ||     2
 Abil: Heal Wounds       |       |     4 ||     4
Evoke: Wand              |       |     3 ||     3
  Use: Scroll            |     5 |     7 ||    12
       Potion            |       |     3 ||     3
 Stab: Sleeping          |     2 |    10 ||    12
       Paralysed         |     1 |       ||     1
Armor: Robe              |    17 |    78 ||    95
Dodge: Dodged            |    47 |   194 ||   241

Table legend: (Time is in decaauts)
 A = Elapsed time spent in this place.
 B = Non-inter-level travel time spent in this place.
 C = Inter-level travel time spent in this place.
 D = Time resting spent in this place.
 E = Time spent auto-exploring this place.
 F = Levels seen in this place.
 G = Mean time per level.
                   A        B        C        D        E       F      G
               +--------+--------+--------+--------+--------+-----+--------+
         Total |   3318 |   3127 |    191 |    289 |   1586 |   6 |  553.0 |
       Dungeon |   2696 |   2505 |    191 |    218 |   1483 |   4 |  674.0 |
        Temple |     42 |     42 |      0 |      0 |     42 |   1 |   42.0 |
         Sewer |    579 |    579 |      0 |     71 |     61 |   1 |  579.0 |
               +--------+--------+--------+--------+--------+-----+--------+

Top non-repeatable levels by time:
     D:3: 882 daAuts
     D:1: 851 daAuts
     D:2: 747 daAuts
   Sewer: 579 daAuts
     D:4: 214 daAuts
  Temple: 42 daAuts
